 Dungeon Crawl Stone Soup version 0.31-a0-971-g75a2e9a4b4 (webtiles) character file.

Game seed: 13610854526064834851

292 timneilson the Ruffian (level 6, -6/46 HPs)
             Began as a Djinni Shapeshifter on Oct 29, 2023.
             Mangled by an ogre
             ... wielding a +0 giant spiked club
              (30 damage)
             ... on level 4 of the Dungeon.
             The game lasted 00:06:37 (3330 turns).

timneilson the Ruffian (Djinni Shapeshifter)        Turns: 3330, Time: 00:06:37

Health: -6/46      AC:  6    Str: 15    XL:     6   Next: 59%
Gold:   155        EV: 10    Int: 11    God:
                   SH:  0    Dex: 13

rFire   + +          .
                       - Unarmed
rCold   x . .        (no shield)
rNeg    . . .        k - +0 scale mail
rPois   ∞            (helmet currently unavailable)
rElec   .            (cloak currently unavailable)
rCorr   .            (gloves currently unavailable)
SInv    .            (boots unavailable)
Will    .....        (no amulet) Stlth
                     (no ring)
HPRegen 0.27/turn    (no ring)
MPRegen 0.00/turn

%: infuse magic (-7 HP)
@: beast-form, flying
A: beast (slay +2), flying, sickness immunity, fire resistance 2, cold
vulnerability 1, float, innate caster, HP casting, extra vitality 1
a: Begin Untransformation


You were on level 4 of the Dungeon.
You were a hulking beast.
You visited 1 branch of the dungeon, and saw 4 of its levels.

You collected 155 gold pieces.

Inventory:

Hand Weapons
 m - the +6 dagger "ETAOIN SHRDLU" {flame, rElec Str+3 Int+3}
   (You found it on level 3 of the Dungeon)

   Str+3:     It affects your strength (+3).
   Int+3:     It affects your intelligence (+3).
   rElec:     It insulates you from electricity.
Armour
 k - a +0 scale mail (worn)
Talismans
 c - a beast talisman
 d - a flux talisman
Wands
 a - a wand of polymorph (5)
 e - a wand of flame (9)
Scrolls
 h - a scroll of revelation
 j - a scroll of identify
Potions
 b - a potion of lignification
 f - a potion of haste
 g - a potion of enlightenment
 i - a potion of curing
 n - a potion of attraction


   Skills:
 * Level 3.1 Fighting
 + Level 1.8 Armour
 + Level 3.2 Dodging
 * Level 4.2 Unarmed Combat
 + Level 0.0 Spellcasting
 + Level 0.0 Conjurations
 + Level 0.0 Hexes
   Level 0.0 Charms
 + Level 0.0 Summonings
 + Level 0.0 Necromancy
 + Level 0.0 Translocations
 + Level 0.0 Transmutations
 + Level 0.0 Fire Magic
 + Level 0.0 Ice Magic
 + Level 0.0 Air Magic
 + Level 0.0 Earth Magic
 + Level 0.0 Poison Magic
 + Level 0.0 Evocations
 * Level 3.7 Shapeshifting


You knew the following spells:

 Your Spells              Type           Power      Damage    Failure   Level
a - Magic Dart            Conj           0%         1d3       80%         1
b - Jinxbite              Hex            0%         N/A       91%         2
Your spell library was empty.

Dungeon Overview and Level Annotations

Branches:
Dungeon (4/15)
 Temple: D:4-7

Altars:
Fedhas

Shops:
D:2 *

Annotations:
D:3 exclusion: oklob plant


Innate Abilities, Weirdness & Mutations

You are a hulking beast.
Your limbs bulge with bestial killing power. (Slay +2)
You are flying.
You are immune to sickness and miasma.
You are immune to poison.
Your flesh is very heat resistant. (rF++)
You are vulnerable to cold. (rC-)
You float through the air rather than walking.
You learn spells naturally, not from books.
Your magical power is your life essence.
You have superior vitality. (+4 MHP)


Message History

Ijyb zaps a wand.
You resist with some effort.
You hit Ijyb but do no damage.
Ijyb is severely wounded.
Ijyb hits you but does no damage.
You punch Ijyb!
You kill Ijyb!
a - a wand of polymorph (5)
Things that are here:
a +0 dagger; a +0 ring mail You need no library to learn spells.
Cast which spell? (? or * to list)
Okay, then.
HP restored.
An endoplasm comes into view.
The endoplasm quivers.
An ogre comes into view. It is wielding a +0 giant spiked club.
The ogre shouts!
The endoplasm hits you but does no damage.
You hit the endoplasm.
The endoplasm is moderately wounded.
The endoplasm freezes you.
You are frozen.
You feel a terrible chill!
You hit the endoplasm but do no damage.
The endoplasm is moderately wounded.
The endoplasm barely misses you.
You hit the endoplasm.
You kill the endoplasm!
You punch the ogre!
The ogre is moderately wounded.
The ogre hits you with a +0 giant spiked club!
You hit the ogre.
The ogre is heavily wounded.
You hit the ogre.
The ogre is heavily wounded.
The ogre closely misses you.
You barely miss the ogre.
The ogre is heavily wounded.
The ogre hits you with a +0 giant spiked club!!
Ouch! That really hurt!
You die...

#####...##
##.## #.#
#.#####
#.#...#
#....#
##.#.#
#..## #..h#
#...O.#
#......#
#.#......
#.###.....#
#.# ##....
.. ##.. .
##


You could see an ogre.

Vanquished Creatures
  A scorpion (D:4)
  An orc priest (D:3)
  Natasha (thrice) (D:3)
  Ijyb (D:4)
  2 adders
  2 worms
  2 dart slugs (D:1)
  5 orcs
  6 ball pythons
  5 endoplasms
  A giant cockroach (D:1)
  10 goblins
  7 hobgoblins
  3 jackals (D:3)
  3 quokkas
  6 bats
  3 frilled lizards
  5 kobolds
  6 rats
72 creatures vanquished.

Notes
Turn   | Place    | Note
-------+----------+-------------------------------------------
     0 | D:1      | timneilson the Djinni Shapeshifter began the quest for the
                  | Orb.
     0 | D:1      | Reached XP level 1. HP: 17/17 MP: 0/0
   122 | D:1      | Reached XP level 2. HP: 22/22 MP: 0/0
   375 | D:1      | Reached XP level 3. HP: 27/27 MP: 0/0
   375 | D:1      | Learned a level 1 spell: Magic Dart
  1146 | D:2      | Reached XP level 4. HP: 31/33 MP: 0/0
  1438 | D:2      | Found Getenitz's Assorted Antiques.
  1640 | D:2      | Reached skill level 1 in Armour
  1927 | D:3      | Found a blossoming altar of Fedhas.
  1946 | D:3      | Noticed an oklob plant
  2093 | D:3      | Reached XP level 5. HP: 38/38 MP: 0/0
  2093 | D:3      | Learned a level 2 spell: Jinxbite
  2299 | D:3      | Noticed Natasha
  2307 | D:3      | Killed Natasha
  2397 | D:3      | Noticed Natasha
  2411 | D:3      | Killed Natasha
  2412 | D:3      | Identified the +6 dagger "ETAOIN SHRDLU" {flame, rElec
                  | Str+3 Int+3}
  2415 | D:3      | Noticed Natasha
  2425 | D:3      | Killed Natasha
  2426 | D:3      | Reached skill level 4 in Unarmed Combat
  2426 | D:3      | Reached XP level 6. HP: 16/45 MP: 0/0
  3237 | D:4      | Noticed Ijyb
  3286 | D:4      | Killed Ijyb
  3322 | D:4      | Noticed an ogre
  3330 | D:4      | Mangled by an ogre

Illustrated notes

Levels and vault maps discovered:
D:1:      dpeg_arrival_simpleton_c, layout_loops_ring
D:2:      layout_basic, serial_shops, nicolae_shop_tiny_glass
D:3:      layout_loops_corners, tgw_fedhas, minmay_close_crescents, uniq_natasha
D:4:      layout_cave_pods, nicolae_overflow_hidden_temple,
          hangedman_decor_opposing, eino_tiny_chamber, uniq_ijyb

Skill      XL: |  1  2  3  4  5  6 |
---------------+-------------------+-----
Shapeshifting  | 3 |  3.7
Fighting       | 2 3 |  3.1
Armour         | 1 |  1.8
Dodging        | 3 |  3.2
Unarmed Combat | 4 |  4.2

Action                     |  1- 3 |  4- 6 || total
---------------------------+-------+-------++-------
  Melee: Unarmed           |    99 |   159 ||   258
         Punch             |     2 |     1 ||     3
    Use: Scroll            |     4 |     7 ||    11
         Potion            |       |     2 ||     2
   Stab: Sleeping          |     2 |       ||     2
 Armour: Animal skin       |    43 |    18 ||    61
         Scale mail        |       |    77 ||    77
         Skin              |       |     1 ||     1
  Dodge: Dodged            |    48 |    87 ||   135

Table legend: (Time is in decaauts)
 A = Elapsed time spent in this place.
 B = Non-inter-level travel time spent in this place.
 C = Inter-level travel time spent in this place.
 D = Time resting spent in this place.
 E = Time spent auto-exploring this place.
 F = Levels seen in this place.
 G = Mean time per level.
                   A        B        C        D        E       F      G
               +--------+--------+--------+--------+--------+-----+--------+
         Total |   3317 |   3268 |     49 |     66 |   2500 |   4 |  829.2 |
       Dungeon |   3317 |   3268 |     49 |     66 |   2500 |   4 |  829.2 |
               +--------+--------+--------+--------+--------+-----+--------+

Top non-repeatable levels by time:
     D:3: 1362 daAuts
     D:2: 1076 daAuts
     D:1: 782 daAuts
     D:4: 94 daAuts
